 Dungeon Sprint DCSS version 0.24-a0-420-g24607be9ce (webtiles) character file.

Game seed: 7582339546856918045

178184 wilfster70 the Conqueror (level 16, 0/274 HPs)
             Began as a Minotaur Fighter on June 11, 2019.
             Was an Initiate of Gozag.
             Succumbed to a war gargoyle's poison
             ... in the Dungeon (Sprint IX: "|||||||||||||||||||||||||||||").
             The game lasted 00:28:20 (6515 turns).

wilfster70 the Conqueror (Minotaur Fighter)         Turns: 6515, Time: 00:28:20

Health: 0/274      AC: 32    Str: 23    XL:     16   Next: 15%
Magic:  0/39       EV: 18    Int: 19    God:    Gozag
Gold:   2889       SH: 30    Dex: 26    Spells: 32/37 levels left

rFire    + + +     SeeInvis +   a - +5 broad axe (freeze)
rCold    + . .     Gourm    .   z - +3 large shield
rNeg     . . .     Faith    .   J - +0 gold dragon scales
rPois    +         Spirit   +   q - +1 hat
rElec    .         Reflect  .   K - +0 cloak {MR+}
rCorr    .         Harm     .   F - +1 pair of gloves
MR       +++..     NoTele   +   B - +2 pair of boots {run}
Stlth    ..........             u - amulet of guardian spirit
HPRegen  0.55/turn              y - ring of Vasicy Qujo {rF+ MR+ MP+9}
MPRegen  0.26/turn              r - ring "Haroh" {rF+ Str-4 Int+4 Dex+10 SInv}

@: mighty, brilliant, agile, berserking (expiring), lethally poisoned (0 -> 0),
gold aura, flying, very slightly contaminated, constricted, invisible, very
quick
A: retaliatory headbutt, horns 2
}: 4/17 runes: decaying, serpentine, barnacled, gossamer
a: Potion Petition, Call Merchant, Bribe Branch, Renounce Religion


You were in the Dungeon.
You worshipped Gozag.
Gozag was most pleased with you.
You were not hungry.

You visited 1 branch You collected 26285 gold pieces.
You spent 6884 gold pieces at shops.
You paid 16512 gold pieces to Gozag.

Inventory:

Hand Weapons
 a - a +5 broad axe of freezing (weapon)
 b - a +2 war axe of flaming
 A - the +6 shillelagh "Devastator" {shatter}
   (You bought it in a shop in the Dungeon)
Armour
 q - a +1 hat (worn)
 z - a +3 large shield (worn)
 B - a +2 pair of boots of running (worn)
 F - a +1 pair of gloves (worn)
 J - +0 gold dragon scales (worn)
 K - a +0 cloak of magic resistance (worn)
Jewellery
 p - a +4 ring of evasion
 r - the ring "Haroh" (right hand) {rF+ Str-4 Int+4 Dex+10 SInv}
   (You bought it in a shop in the Dungeon)

   [ring of protection from fire]

   It affects your strength (-4).
   It affects your intelligence (+4).
   It affects your dexterity (+10).
   It protects you from fire.
   It lets you see invisible.
 s - the ring of Damuto {*Slow +Blink rElec MP+9}
   (You bought it in a shop in the Dungeon)

   [ring of magical power]

   It insulates you from electricity.
   It affects your magic capacity (+9).
   It lets you blink.
   It may slow you when you take damage.
 u - an amulet of guardian spirit (around neck)
 y - the ring of Vasicy Qujo (left hand) {rF+ MR+ MP+9}
   (You bought it in a shop in the Dungeon)

   [ring of magical power]

   It protects you from fire.
   It affects your resistance to hostile enchantments.
   It affects your magic capacity (+9).
 C - an uncursed ring of protection from cold
 D - an uncursed ring of see invisible
 E - a +6 ring of intelligence
 H - an uncursed ring of ice
 I - a +6 ring of strength
 L - a cursed ring of attention {unknown}
Wands
 o - a wand of iceblast (6)
 x - a wand of disintegration (18)
Scrolls
 k - 4 scrolls of blinking
 m - 6 scrolls of remove curse
 n - 3 scrolls of amnesia
 v - 4 scrolls of fear
 w - 3 scrolls of fog
 G - 2 scrolls of identify
Potions
 c - a potion of brilliance
 d - a potion of might
 e - a potion of invisibility
 g - 9 potions of heal wounds
 h - 4 potions of haste
 i - 4 potions of magic
 j - 3 potions of berserk rage
 l - 6 potions of curing
 t - 5 potions of agility
Comestibles
 f - 18 rations


   Skills:
 O Level 27 Fighting
 - Level 18.0(18.5) Axes
 - Level 8.0(14.1) Maces & Flails
 - Level 20.0 Armour
 - Level 15.4 Dodging
 * Level 25.3 Shields
 - Level 11.3 Spellcasting
 - Level 8.8 Charms
 - Level 8.0 Necromancy
 - Level 8.0 Translocations


You had 32 spell levels left.
You knew the following spells:

 Your Spells              Type           Power        Failure   Level  Hunger
a - Regeneration          Chrm/Necr      ######....   1%          3    None
b - Blink                 Tloc           N/A          1%          2    None

Your spell library contained the following spells:

 Spells                   Type           Power        Failure   Level  Hunger
 Animate Skeleton         Necr           N/A          1%          1    None
 Apportation              Tloc           ######       1%          1    None
 Pain                     Necr           ####         1%          1    None
 Vampiric Draining        Necr           ######....   1%          3    None
 Animate Dead             Necr           N/A          5%          4    ##.....
 Confusing Touch          Hex            ###...       13%         1    None
 Magic Dart               Conj           ###.         13%         1    None
 Summon Small Mammal      Summ           ###.         13%         1    None
 Call Imp                 Summ           ###.....     19%         2    None
 Slow                     Hex            ###.....     19%         2    None
 Conjure Flame            Conj/Fire      ###.....     32%         3    None
 Mephitic Cloud           Conj/Pois/Air  ###.....     32%         3    None


Dungeon Overview and Level Annotations

Branches:
Dungeon (1/1)

Altars:
Cheibriados
Dithmenos
Elyvilon
Fedhas
Gozag
Hepliaklqana
Kikubaaqudgha
Makhleb
Nemelex Xobeh
Okawaru
Qazlal
Ru
Sif Muna
Trog
Uskayaw
Vehumet
Wu Jian
Xom
Yredelemnul
Zin
The Shining One
Beogh
Jiyva
Lugonu

Shops:
D (([=}:((*[

Annotations:
D Margery, Xtahua


Innate Abilities, Weirdness & Mutations

You reflexively headbutt those who attack you in melee.
You have a pair of horns on your head.


Message History

You feel drained.
* * * LOW HITPOINT WARNING * * *
The bolt of negative energy hits the tentacled monstrosity.
The tentacled monstrosity completely resists.
The tentacled monstrosity is no longer distracted by gold.
You block the shadow dragon's attack. x3
You slash the shadow dragon!
You kill the shadow dragon!
Your life force feels restored.
You have mastered Fighting!
The tentacled monstrosity tentacle-slaps you.
* * * LOW HITPOINT WARNING * * *
You block the tentacled monstrosity's attack.
The tentacled monstrosity tentacle-slaps you but does no damage.
* * * LOW HITPOINT WARNING * * *
The tentacled monstrosity constricts you.
The tentacled monstrosity refuses to make way for you. (Use ctrl+direction or * direction to attack.)
The tentacled monstrosity's grasp on you weakens, but your attempt to escape fails.
You die...
Your body crumbles into a pile of gold.

▓.▓.♣.♣.▓.▓.▓)▓.▓)
▓(▓.▓'▓.▓.▓.▓)▓.▓.
▓)▓.▓.▓.▓.▓.▓.▓.▓.
▓p▓.▓.▓.▓.▓.▓.▓.▓.
▓H▓.▓.▓.▓.▓.▓.▓.▓.
▓W▓.▓.▓.▓.▓.▓.▓.▓.
▓9▓.▓.▓.▓.▓.▓.▓.▓.
▓X▓.▓.▓.▓.▓.▓.▓.▓'
▓@▓.▓.▓.▓.▓.▓.▓.▓.
▓$▓.▓.▓.▓'▓.▓.▓.▓.
▓D▓.▓.▓.▓.▓.▓'▓.▓.
▓D▓.▓.▓.▓.▓.▓.▓.▓.
▓C▓.▓.▓.▓.▓.▓.▓.▓.
▓:▓.▓.▓.▓.▓.▓.▓.▓.
▓.▓.▓.▓.▓.▓.▓.▓.▓.
▓[▓.▓'▓.▓.▓.▓.▓.▓.
▓.▓.▓.▓.▓.▓.▓.▓.


You could see 2 shadow dragons, a stone giant, a neutral tentacled monstrosity
(wandering), a neutral sphinx, a neutral vault guard, a neutral war gargoyle and
a neutral freezing wraith.

Vanquished Creatures
  An ancient lich (D)
  A golden dragon (D)
  Gastronok (D)
  Kirke (D)
  4 shadow dragons (D)
  6 nagarajas (D)
  A fire giant (D)
  A frost giant (D)
  Aizul (D)
  2 ghost moths (D)
  5 emperor scorpions (D)
  A war gargoyle (D)
  A stone giant (D)
  A very ugly thing (D)
  An ironheart preserver (D)
  Nessos (D)
  A vampire knight (D)
  Azrael (D)
  4 merfolk javelineers (D)
  Snorg (D)
  An ettin (D)
  A crystal guardian (D)
  4 merfolk impalers (D)
  A fire dragon (D)
  Josephine (D)
  2 great orbs of eyes (D)
  3 yaktaur captains (D)
  3 naga warriors (D)
  An ice dragon (D)
  A vault guard (D)
  3 rakshasas (D)
  9 hydras (D)
  A death knight (D)
  2 centaur warriors (D)
  5 merfolk aquamancers (D)
  An ogre mage (D)
  An alligator (D)
  A deep troll shaman (D)
  A deep troll earth mage (D)
  A shock serpent (D)
  2 vampire magi (D)
  2 naga sharpshooters (D)
  A sea snake (D)
  An unseen horror (D)
  7 swamp dragons (D)
  2 spriggan druids (D)
  2 lindwurms (D)
  5 ironbrand convokers (D)
  2 deep elf magi (D)
  A necromancer (D)
  6 orc knights (D)
  A cyclops (D)
  An ugly thing (D)
  A salamander (shapeshifter) (D)
  4 wolf spiders (D)
  7 orc sorcerers (D)
  A manticore (D)
  3 black mambas (D)
  A moth of wrath (D)
  3 naga magi (D)
  Joseph (D)
  A vault sentinel (D)
  2 guardian serpents (D)
  A water nymph (D)
  4 spiny frogs (D)
  3 komodo dragons (D)
  2 yaktaurs (D)
  5 demonic crawlers (D)
  2 merfolk (D)
  3 tyrant leeches (D)
  A jumping spider (D)
  A wind drake (D)
  2 slime creatures (D)
  A hornet (shapeshifter) (D)
  A hippogriff (D)
  A bog body (D)
  A snapping turtle (D)
  A redback (D)
  3 tarantellas (D)
  3 wraiths (D)
  3 yaks (D)
  3 hogs (D)
  A basilisk (D)
  A wyvern (D)
  2 fire elementals (D)
  Grum (D)
  A vampire mosquito (D)
  2 nagas (D)
  A water moccasin (D)
  A soldier ant (shapeshifter) (D)
  A floating eye (D)
  A porcupine (D)
  7 orc warriors (D)
  4 hell hounds (D)
  2 swamp drakes (D)
  An eye of draining (D)
  2 ogres (D)
  3 wolves (D)
  A wolf (shapeshifter) (D)
  A centaur (D)
  A crocodile (D)
  A big kobold (D)
  3 bullfrogs (D)
  2 crimson imps (D)
  2 hounds (D)
  3 orc priests (D)
  8 orc wizards (D)
  An iguana (D)
  2 worker ants (D)
  An adder (D)
  A shadow imp (D)
  4 worms (D)
  12 orcs (D)
  A ball python (D)
  2 bats (D)
  A bat zombie (D)
  2 rats (D)
257 creatures vanquished.

Vanquished Creatures (collateral kills)
  An ogre mage (D)
  6 vault guards (D)
7 creatures vanquished.

Vanquished Creatures (others)
  A lich (D)
  Ilsuiw (D)
  A stone giant (D)
  A very ugly thing (D)
  2 ironheart preservers (D)
  9 vault guards (D)
  A death knight (D)
  A merfolk aquamancer (D)
  A deep troll (D)
  A freezing wraith (D)
  A floating eye (shapeshifter) (D)
  A swamp drake (D)
21 creatures vanquished.

Grand Total: 285 creatures vanquished

Notes
Turn   | Place    | Note
-------+----------+-------------------------------------------
     0 | D        | wilfster70 the Minotaur Fighter began the quest for the
                  | Orb.
     0 | D        | Reached XP level 1. HP: 19/19 MP: 0/0
     7 | D        | Reached skill level 1 in Dodging
     9 | D        | Reached skill level 4 in Fighting
   118 | D        | Noticed an ogre
   118 | D        | Noticed a hound
   120 | D        | Reached XP level 2. HP: 27/27 MP: 1/1
   130 | D        | Killed an ogre
   130 | D        | Reached skill level 5 in Fighting
   130 | D        | Reached skill level 5 in Armour
   130 | D        | Reached skill level 5 in Shields
   130 | D        | Reached XP level 3. HP: 8/36 MP: 2/2
   130 | D        | Reached XP level 4. HP: 10/42 MP: 3/3
   143 | D        | Reached skill level 6 in Fighting
   364 | D        | Found a roughly hewn altar of Beogh.
   364 | D        | Found a snail-covered altar of Cheibriados.
   364 | D        | Found a shadowy altar of Dithmenos.
   364 | D        | Found a white marble altar of Elyvilon.
   364 | D        | Found a blossoming altar of Fedhas.
   364 | D        | Found an opulent altar of Gozag.
   365 | D        | Found a hazy altar of Hepliaklqana.
   366 | D        | Found a viscous altar of Jiyva.
   367 | D        | Found an ancient bone altar of Kikubaaqudgha.
   368 | D        | Found a corrupted altar of Lugonu.
   369 | D        | Found a burning altar of Makhleb.
   370 | D        | Found a sparkling altar of Nemelex Xobeh.
   371 | D        | Found an iron altar of Okawaru.
   372 | D        | Became a worshipper of Gozag Ym Sagoz the Greedy
   373 | D        | Found a stormy altar of Qazlal.
   374 | D        | Found a sacrificial altar of Ru.
   375 | D        | Found a deep blue altar of Sif Muna.
   376 | D        | Found a bloodstained altar of Trog.
   377 | D        | Found a hide-covered altar of Uskayaw.
   378 | D        | Found a radiant altar of Vehumet.
   379 | D        | Found an ornate altar of the Wu Jian Council.
   380 | D        | Found a shimmering altar of Xom.
   381 | D        | Found a basalt altar of Yredelemnul.
   382 | D        | Found a glowing silver altar of Zin.
   383 | D        | Found a glowing golden altar of the Shining One.
   445 | D        | Noticed an eye of draining
   445 | D        | Noticed a yak
   445 | D        | Noticed a centaur
   448 | D        | Reached XP level 5. HP: 50/50 MP: 0/4
   451 | D        | Killed an eye of draining
   451 | D        | Reached skill level 5 in Dodging
   456 | D        | Reached skill level 7 in Fighting
   456 | D        | Reached XP level 6. HP: 59/60 MP: 1/5
   461 | D        | Killed a yak
   461 | D        | Reached skill level 10 in Axes
   466 | D        | Reached skill level 8 in Fighting
   466 | D        | Reached XP level 7. HP: 59/68 MP: 2/6
   508 | D        | Noticed a vampire mosquito
   508 | D        | Noticed a wyvern
   531 | D        | Killed a vampire mosquito
   534 | D        | Reached skill level 9 in Fighting
   536 | D        | Killed a wyvern
   536 | D        | Reached XP level 8. HP: 58/78 MP: 7/7
   786 | D        | Noticed a spiny frog
   786 | D        | Noticed a six-headed hydra
   793 | D        | Noticed a spiny frog
   796 | D        | Killed a six-headed hydra
   796 | D        | Reached skill level 10 in Fighting
   796 | D        | Reached skill level 10 in Armour
   796 | D        | Reached skill level 10 in Shields
   801 | D        | Killed a spiny frog
   801 | D        | Reached XP level 9. HP: 33/86 MP: 3/8
   829 | D        | Killed a spiny frog
   829 | D        | Reached skill level 11 in Fighting
  1142 | D        | Noticed a spiny frog
  1142 | D        | Noticed a komodo dragon
  1142 | D        | Noticed a komodo dragon
  1142 | D        | Noticed a five-headed hydra
  1144 | D        | Noticed a seven-headed hydra
  1145 | D        | Killed a spiny frog
  1145 | D        | Reached skill level 15 in Axes
  1146 | D        | Noticed a spiny frog
  1150 | D        | Killed a komodo dragon
  1150 | D        | Reached skill level 10 in Dodging
  1155 | D        | Killed a komodo dragon
  1160 | D        | Killed a five-headed hydra
  1160 | D        | Reached skill level 12 in Fighting
  1160 | D        | Reached XP level 10. HP: 57/97 MP: 2/9
  1163 | D        | Killed a seven-headed hydra
  1168 | D        | Killed a spiny frog
  1400 | D        | Noticed a lindwurm
  1406 | D        | Noticed a lindwurm
  1410 | D        | Killed a lindwurm
  1422 | D        | Killed a lindwurm
  1422 | D        | Reached skill level 13 in Fighting
  1535 | D        | Bought a +3 plate armour of poison resistance for 588 gold
                  | pieces
  1586 | D        | Noticed Gastronok
  1587 | D        | Noticed Grum
  1600 | D        | Killed Gastronok
  1600 | D        | Reached XP level 11. HP: 87/107 MP: 8/10
  1606 | D        | Killed Grum
  1790 | D        | Noticed an orc knight
  1790 | D        | Noticed an orc knight
  1793 | D        | Noticed an orc knight
  1799 | D        | Killed an orc knight
  1808 | D        | Killed an orc knight
  1814 | D        | Killed an orc knight
  1814 | D        | Reached skill level 14 in Fighting
  1889 | D        | Found Ory Coy's Gadget Emporium.
  1889 | D        | Noticed an orc sorcerer
  1889 | D        | Noticed an orc sorcerer
  1889 | D        | Noticed an orc sorcerer
  1903 | D        | Killed an orc sorcerer
  1906 | D        | Noticed a sixfirhy
  1907 | D        | Killed an orc sorcerer
  1910 | D        | Noticed an orc sorcerer
  1911 | D        | Killed an orc sorcerer
  1913 | D        | Found Jituakona's Book Shoppe.
  1914 | D        | Noticed an orc sorcerer
  1918 | D        | Found Norho's Weapon Emporium.
  1918 | D        | Noticed an orc sorcerer
  1924 | D        | Noticed a sun demon
  1927 | D        | Killed an orc sorcerer
  1928 | D        | Noticed a sun demon
  1929 | D        | Found Okigio's Antique Weapon Shoppe.
  1943 | D        | Killed an orc sorcerer
  1944 | D        | Noticed an orc sorcerer
  1947 | D        | Killed an orc sorcerer
  1947 | D        | Reached skill level 15 in Armour
  1950 | D        | Reached skill level 15 in Fighting
  1963 | D        | Killed an orc sorcerer
  1963 | D        | Reached skill level 15 in Shields
  2016 | D        | Bought a book of Necromancy for 420 gold pieces
  2016 | D        | Bought a book of Minor Magic for 280 gold pieces
  2020 | D        | Learned a level 3 spell: Regeneration
  2023 | D        | Learned a level 2 spell: Blink
  2027 | D        | Bought a crystal broad axe for 261 gold pieces
  2027 | D        | Identified the cursed +1 broad axe of the Fool {freeze,
                  | *Rage +Rage rF++ Str+9} (You bought it in a shop in the
                  | Dungeon)
  2035 | D        | Bought the +6 shillelagh "Devastator" {shatter} for 1800
                  | gold pieces
  2035 | D        | Found the +6 shillelagh "Devastator" {shatter}
  2086 | D        | Noticed Josephine
  2096 | D        | Killed Josephine
  2179 | D        | Noticed Joseph
  2192 | D        | Killed Joseph
  2286 | D        | Noticed an ogre mage
  2286 | D        | Noticed a deep elf mage
  2290 | D        | Reached XP level 12. HP: 121/121 MP: 11/11
  2297 | D        | Killed an ogre mage
  2301 | D        | Noticed a rakshasa
  2306 | D        | Reached skill level 5 in Maces & Flails
  2310 | D        | Noticed a great orb of eyes
  2311 | D        | Noticed an ice dragon
  2315 | D        | Noticed a frost giant
  2317 | D        | Noticed a frost giant
  2318 | D        | Reached skill level 16 in Fighting
  2338 | D        | Killed a rakshasa
  2345 | D        | Noticed an ettin
  2346 | D        | Killed a great orb of eyes
  2359 | D        | Killed an ice dragon
  2374 | D        | Killed a frost giant
  2374 | D        | Reached skill level 15 in Dodging
  2384 | D        | Killed an ettin
  2384 | D        | Reached skill level 17 in Fighting
  2809 | D        | Noticed Kirke
  2832 | D        | Killed Kirke
  2889 | D        | Killed a ghost moth
  2896 | D        | Noticed an emperor scorpion
  2925 | D        | Killed an emperor scorpion
  2925 | D        | Reached skill level 18 in Fighting
  2925 | D        | Reached XP level 13. HP: 92/134 MP: 4/18
  3026 | D        | Reached skill level 1 in Charms
  3026 | D        | Reached skill level 1 in Translocations
  3047 | D        | Reached skill level 5 in Spellcasting
  3150 | D        | Bought the ring of Vasicy Qujo {rF+ MR+ MP+9} for 633 gold
                  | pieces
  3156 | D        | Bought the ring "Haroh" {rF+ Str-4 Int+4 Dex+10 SInv} for
                  | 915 gold pieces
  3160 | D        | Bought the ring of Damuto {*Slow +Blink rElec MP+9} for 566
                  | gold pieces
  3195 | D        | Noticed a nagaraja
  3195 | D        | Noticed a nagaraja
  3200 | D        | Noticed a nagaraja
  3226 | D        | Killed a nagaraja
  3237 | D        | Killed a nagaraja
  3237 | D        | Reached skill level 19 in Fighting
  3243 | D        | Killed a nagaraja
  3584 | D        | Noticed a merfolk impaler
  3594 | D        | Killed a merfolk impaler
  3594 | D        | Reached skill level 5 in Translocations
  3702 | D        | Noticed Snorg
  3704 | D        | Noticed Nessos
  3711 | D        | Killed Snorg
  3711 | D        | Reached skill level 5 in Charms
  3740 | D        | Killed Nessos
  3740 | D        | Reached skill level 1 in Necromancy
  3850 | D        | Noticed a stone giant
  3850 | D        | Noticed a fire giant
  3866 | D        | Noticed a fire dragon
  3875 | D        | Killed a stone giant
  3875 | D        | Reached skill level 20 in Fighting
  3879 | D        | Noticed a white very ugly thing
  3880 | D        | Reached XP level 14. HP: 112/148 MP: 24/24
  3888 | D        | Killed a fire giant
  3911 | D        | Killed a white very ugly thing
  3919 | D        | Noticed a vampire knight
  3926 | D        | Paralysed by a floating eye for 4 turns
  3933 | D        | Paralysed by a floating eye for 4 turns
  3940 | D        | Paralysed by a floating eye for 4 turns
  3946 | D        | Paralysed by a floating eye for 3 turns
  3952 | D        | Reached skill level 5 in Necromancy
  3959 | D        | Paralysed by a floating eye for 3 turns
  3968 | D        | Killed a vampire knight
  3996 | D        | Bought a +2 pair of boots of running for 581 gold pieces
  4295 | D        | Noticed an ironheart preserver
  4309 | D        | Killed an ironheart preserver
  4313 | D        | Noticed a nagaraja
  4313 | D        | Noticed an ancient lich
  4334 | D        | Reached skill level 21 in Fighting
  4335 | D        | Paralysed by an ancient lich for 7 turns
  4354 | D        | Paralysed by an ancient lich for 7 turns
  4377 | D        | Killed an ancient lich
  4387 | D        | Killed a nagaraja
  4387 | D        | Reached skill level 10 in Spellcasting
  4391 | D        | Reached skill level 22 in Fighting
  4823 | D        | Noticed Azrael
  4826 | D        | Reached XP level 15. HP: 162/162 MP: 29/29
  4835 | D        | Killed Azrael
  4835 | D        | Reached skill level 23 in Fighting
  4947 | D        | Noticed Aizul
  4963 | D        | Killed Aizul
  5266 | D        | Noticed a nagaraja
  5284 | D        | Noticed a nagaraja
  5288 | D        | Killed a nagaraja
  5303 | D        | Killed a nagaraja
  5306 | D        | Reached skill level 24 in Fighting
  5324 | D        | Got a serpentine rune of Zot
  5457 | D        | Noticed Ilsuiw
  5495 | D        | Killed Ilsuiw
  5547 | D        | Got a barnacled rune of Zot
  5894 | D        | Reached skill level 25 in Fighting
  5985 | D        | Got a decaying rune of Zot
  5990 | D        | Bought a ration for 70 gold pieces
  5990 | D        | Bought a ration for 70 gold pieces
  5990 | D        | Bought a ration for 70 gold pieces
  5990 | D        | Bought a ration for 70 gold pieces
  5990 | D        | Bought a ration for 70 gold pieces
  5990 | D        | Bought a ration for 70 gold pieces
  5990 | D        | Bought a ration for 70 gold pieces
  5990 | D        | Bought a ration for 70 gold pieces
  5990 | D        | Bought a ration for 70 gold pieces
  5990 | D        | Bought a ration for 70 gold pieces
  5990 | D        | Bought a ration for 70 gold pieces
  5990 | D        | Bought a ration for 70 gold pieces
  6000 | D        | Noticed a ghost moth
  6044 | D        | Killed a ghost moth
  6056 | D        | Reached skill level 26 in Fighting
  6081 | D        | Got a gossamer rune of Zot
  6249 | D        | Noticed Margery
  6254 | D        | Noticed Xtahua
  6376 | D        | Noticed a vault warden
  6376 | D        | Noticed a sphinx
  6376 | D        | Noticed a tentacled monstrosity
  6383 | D        | Noticed a shadow dragon
  6386 | D        | Noticed a shadow dragon
  6398 | D        | Killed a shadow dragon
  6417 | D        | Killed a shadow dragon
  6417 | D        | Reached XP level 16. HP: 129/182 MP: 30/30
  6480 | D        | Noticed a shadow dragon
  6480 | D        | Noticed a golden dragon
  6480 | D        | Noticed a shadow dragon
  6480 | D        | Noticed a shadow dragon
  6481 | D        | Noticed a lich
  6482 | D        | Noticed a shadow dragon
  6490 | D        | Killed a shadow dragon
  6493 | D        | Killed a lich
  6500 | D        | Killed a golden dragon
  6513 | D        | HP: 9/273 [shadow dragon/bolt of negative energy (31)]
  6514 | D        | Killed a shadow dragon
  6514 | D        | Reached skill level 27 in Fighting
  6514 | D        | HP: 1/274 [tentacled monstrosity (5)]
  6515 | D        | Succumbed to a war gargoyle's poison

Levels and vault maps discovered:
D:        linesprint [early_d, line_temple, items_1, d_10, items_2, lair_1,
          lair_end, items_3, orc_1, orc_end, items_4, d_15, swamp_1, shoals_1,
          snake_1, spider_1, d_20, vaults_1, items_5, swamp_end, shoals_end,
          snake_end, spider_end, vaults_end, d_27, items_6, zot_1, zot_end,
          crypt_end, forest_end, elf_end, slime_end, tomb_end, abyss_end,
          pan_hell_end]

Skill      XL: |  1  2  3  4  5  6  7  8  9 10 11 12 13 14 15 16 |
---------------+-------------------------------------------------+-----
Axes           | 3 6 7 9 10 12 13 16 17 18 | 18.0
Dodging        | 1 3 4 5 6 7 9 10 12 14 15 | 15.4
Fighting       | 4 5 6 7 8 9 10 12 13 15 18 20 22 26 27 | 27.0
Shields        | 4 5 6 7 8 9 10 12 13 15 24 25 | 25.3
Armour         | 4 5 6 7 8 9 10 12 13 15 18 20 | 20.0
Maces & Flails | 4 8 |  8.0
Spellcasting   | 4 7 11 | 11.3
Charms         | 5 8 |  8.8
Translocations | 6 8 |  8.0
Necromancy     | 3 8 |  8.0

Action                   |  1- 3 |  4- 6 |  7- 9 | 10-12 | 13-15 | 16-18 || total
-------------------------+-------+-------+-------+-------+-------+-------++-------
Melee: War axe           |    17 |    12 |       |       |    34 |       ||    63
       Headbutt          |     1 |     4 |    13 |    80 |   229 |    15 ||   342
       Broad axe         |       |    20 |    65 |   327 |   660 |    37 ||  1109
       Morningstar       |       |       |     8 |     2 |       |       ||    10
       Shillelagh        |       |       |       |    19 |       |       ||    19
 Cast: Regeneration      |       |       |       |       |     2 |       ||     2
Invok: Potion Petition   |       |       |     2 |     5 |     6 |     2 ||    15
       Call Merchant     |       |       |       |     2 |     5 |       ||     7
       Bribe Branch      |       |       |       |       |     1 |       ||     1
Evoke: Wand              |       |       |       |     2 |     2 |       ||     4
  Use: Potion            |       |     1 |     1 |     1 |     2 |       ||     5
       Scroll            |       |       |     2 |     4 |       |       ||     6
 Stab: Distracted        |       |       |     1 |     2 |    21 |     1 ||    25
       Invisible         |       |       |       |       |     9 |       ||     9
       Confused          |       |       |       |       |     1 |       ||     1
  Eat: Ration            |       |       |     1 |     1 |     4 |       ||     6
Armor: Scale mail        |     3 |    16 |    16 |     1 |       |       ||    36
       Plate armour      |       |       |       |    95 |   101 |       ||   196
       Gold dragon scale |       |       |       |       |    83 |    14 ||    97
Dodge: Dodged            |     7 |    13 |    24 |    83 |   160 |    13 ||   300
Block: Shield            |     6 |    20 |    37 |   116 |   161 |       ||   340
       Large shield      |       |       |       |       |   262 |    51 ||   313

Table legend:
 A = Non-vault XP
 B = Vault XP
 C = Vault XP percentage of total XP
 D = Non-vault monster count
 E = Vault monster count
 F = Vault count percentage of total count
                 A         B        C        D         E       F
            +---------+---------+-------+---------+---------+-------
      Total |       0 |  163120 | 100.0 |       0 |     263 | 100.0
            +---------+---------+-------+---------+---------+-------
          D |       0 |  163120 | 100.0 |       0 |     263 | 100.0
            +---------+---------+-------+---------+---------+-------
